 Dungeon Crawl Stone Soup version 0.27-a0-1591-gc56fcc985a (webtiles) character file.

Game seed: 10193498419779453484

198 Anon1729 the Slasher (level 5, 0/47 HPs)
             Began as a Minotaur Monk on July 19, 2021.
             Succumbed to an orc wizard's poison
             ... on level 4 of the Dungeon.
             The game lasted 00:02:19 (2908 turns).

Anon1729 the Slasher (Minotaur Monk)                Turns: 2908, Time: 00:02:20

Health: 0/47       AC:  2    Str: 15 (17) XL:     5   Next: 47%
Magic:  4/4        EV: 13    Int: 11 (13) God:
Gold:   99         SH:  0    Dex: 11 (12) Spells: 4/4 levels left

rFire    . . .     SeeInvis .   a - +0 falchion
rCold    . . .     Faith    .   (no shield)
rNeg     . . .     Spirit   .   b - +0 robe
rPois    .         Reflect  .   (helmet restricted)
rElec    .         Harm     .   (no cloak)
rCorr    .         Rampage  .   (no gloves)
Will     .....                  (no boots)
Stlth    ++........             (no amulet)
HPRegen  0.15/turn              j - +6 ring of intelligence
MPRegen  0.09/turn              (no ring)

@: mighty, lethally poisoned (0 -> -12)
A: horns 2, retaliatory headbutt
a: no special abilities


You were on level 4 of the Dungeon.
You visited 1 branch of the dungeon, and saw 4 of its levels.

You collected 99 gold pieces.

Inventory:

Hand Weapons
 a - a +0 falchion (weapon)
Armour
 b - a +0 robe (worn)
Jewellery
 j - a +6 ring of intelligence (left hand)
Wands
 g - a wand of iceblast (9)
 l - a wand of digging (4)
Scrolls
 c - 4 scrolls of teleportation {unknown}
 f - a scroll of silence {unknown}
 h - 2 scrolls of identify {unknown}
 k - a scroll of fear {unknown}
Potions
 e - a potion of heal wounds {unknown}
 i - a potion of degeneration


   Skills:
 + Level 4.9 Fighting
 + Level 4.9 Long Blades
 + Level 4.4 Dodging
 + Level 2.8 Stealth


You had 4 spell levels left.
You didn't know any spells.
Your spell library contained the following spells:

 Spells                   Type           Power      Damage    Failure   Level
 Magic Dart               Conj           0%         1d3       34%         1
 Searing Ray              Conj           0%         3d3       47%         2
 Fulminant Prism          Conj/Hex       0%         3d6       98%         4


Dungeon Overview and Level Annotations

Branches:
Dungeon (4/15)
 Temple: D:4-7

Altars:
Sif Muna


Innate Abilities, Weirdness & Mutations

You have a pair of horns on your head.
You reflexively headbutt those who attack you in melee.


Message History

You are poisoned.
You feel very sick.
You hear some strange, mumbled words.
It was a potion of might.
You feel very mighty all of a sudden.
You feel sick.
You feel better.
Aiming: Iceblast
Press: ? - help, Shift-Dir - straight line The mass of ice explodes!
The iceblast engulfs something!
You hear an angry hiss.
You slash something!
Reactivating autopickup.
You feel a bit more experienced.
Things that are here:
a +0 dagger; a +0 robe; an orc corpse Something hits you.
* * * LOW HITPOINT WARNING * * *
You are poisoned.
Deactivating autopickup; reactivate with Ctrl-A.
You closely miss something. Your headbutt misses something.
You feel very sick. Something hits you.
* * * LOW HITPOINT WARNING * * *
You are more poisoned.
Okay, then.
* * * LOW HITPOINT WARNING * * *
You feel very sick.
Things that are here:
a +0 dagger; a +0 robe; an orc corpse You don't have any such object.
Evoke which item? (* to show all) (? for menu, Esc to quit)
Aiming: Iceblast
Press: ? - help, Shift-Dir - straight line That beam is likely to hit you.
Continue anyway?
Okay, then.
Aiming: Iceblast
Press: ? - help, Shift-Dir - straight line The mass of ice explodes!
The iceblast engulfs something!
You die...

##### #
...##.#
##...#.#
#......
#)..# #.#
#@# #.#
##'##
##...##
##.....##
##.......##
##.........#
#'.........+
##......)..#


There were no monsters in sight!

Vanquished Creatures
  A bullfrog zombie (D:3)
  An orc wizard (D:4)
  6 adders
  A worm (D:2)
  2 dart slugs
  4 orcs (D:4)
  7 bats
  7 endoplasms
  2 giant cockroaches (D:2)
  8 hobgoblins
  7 jackals (D:1)
  2 quokkas
  3 ball pythons
  3 frilled lizards
  6 goblins (D:2)
  6 kobolds
  4 rats (D:1)
70 creatures vanquished.

Notes
Turn   | Place    | Note
-------+----------+-------------------------------------------
     0 | D:1      | Anon1729 the Minotaur Monk began the quest for the Orb.
     0 | D:1      | Reached XP level 1. HP: 19/19 MP: 0/0
    36 | D:1      | Reached XP level 2. HP: 11/27 MP: 1/1
   721 | D:1      | Reached XP level 3. HP: 32/33 MP: 2/2
   841 | D:2      | Found a shimmering blue altar of Sif Muna.
  1210 | D:2      | Reached XP level 4. HP: 38/41 MP: 3/3
  1938 | D:3      | You fall into a shaft and drop 1 floor!
  1983 | D:4      | Reached XP level 5. HP: 29/47 MP: 4/4
  2907 | D:4      | HP: 2/47 [poisoned by an orc wizard]
  2908 | D:4      | Succumbed to an orc wizard's poison

Illustrated notes

Levels and vault maps discovered:
D:1:      wander_arrival_abandoned_jail, layout_rooms, minmay_strange_pillars,
          chequers_serial_rivers_marsh, minmay_box_of_dots
D:2:      cheibrodos_helix_gallery, layout_basic, basic_altar,
          kennysheep_pointless_box, kennysheep_generic_room_4
D:3:      layout_rooms, nicolae_overflow_crystal_walls,
          biasface_ghost_orc_armoury, minmay_curled_crystal,
          kennysheep_cluttered_room, uniq_crazy_yiuf_cottage
D:4:      layout_loops_corners, gup_sewer_entry_bubbles

Skill      XL: |  1  2  3  4 |
---------------+-------------+-----
Long Blades    | 4 |  4.9
Fighting       | 4 |  4.9
Stealth        | 2 |  2.8
Dodging        | 4 |  4.4

Action                   |  1- 3 |  4- 6 || total
-------------------------+-------+-------++-------
Melee: Falchion          |    64 |    68 ||   132
       Headbutt          |    14 |    12 ||    26
Evoke: Wand              |       |     2 ||     2
  Use: Potion            |       |     5 ||     5
 Stab: Distracted        |     1 |       ||     1
       Sleeping          |       |     3 ||     3
Armor: Robe              |    12 |     6 ||    18
Dodge: Dodged            |    69 |    41 ||   110
       Rpst.: Falchion   |    15 |    13 ||    28

Table legend: (Time is in decaauts)
 A = Elapsed time spent in this place.
 B = Non-inter-level travel time spent in this place.
 C = Inter-level travel time spent in this place.
 D = Time resting spent in this place.
 E = Time spent auto-exploring this place.
 F = Levels seen in this place.
 G = Mean time per level.
                   A        B        C        D        E       F      G
               +--------+--------+--------+--------+--------+-----+--------+
         Total |   2920 |   2899 |     21 |    361 |   2193 |   4 |  730.0 |
       Dungeon |   2920 |   2899 |     21 |    361 |   2193 |   4 |  730.0 |
               +--------+--------+--------+--------+--------+-----+--------+

Top non-repeatable levels by time:
     D:2: 981 daAuts
     D:4: 972 daAuts
     D:1: 806 daAuts
     D:3: 160 daAuts
